 Dungeon Crawl Stone Soup version 0.32-a0-543-gefe97123c3 (webtiles) character file.

Game seed: 3983920319166895606

1422 Essalna the Firebug (level 8, 0/46 HPs)
             Began as a Gargoyle Fire Elementalist on Feb 29, 2024.
             Was an Initiate of Vehumet.
             Slain by Maggie
             ... wielding a +0 long sword of distortion
              (20 damage)
             ... on level 7 of the Dungeon.
             The game lasted 00:10:25 (7142 turns).

Essalna the Firebug (Gargoyle Fire Elementalist)    Turns: 7142, Time: 00:10:25

Health: 0/46       AC:  9    Str: 12    XL:     8   Next: 72%
Magic:  2/15       EV: 26    Int: 30    God:    Vehumet [......]
Gold:   289        SH:  0    Dex: 10    Spells: 10/17 levels left

rFire   . . .        G - +2 spear (venom)
rCold   . . .        (no shield)
rNeg    + . .        a - +0 robe
rPois   ∞            B - +0 helmet
rElec   +            D - scarf {+Inv}
rCorr   .            (no gloves)
SInv    .            q - +0 pair of boots
Will    .....        F - amulet of the acrobat
Stlth   ++           v - +6 ring of intelligence
HPRegen 0.27/turn    m - +6 ring of intelligence
MPRegen 0.14/turn

%: acrobat
@: acrobatic, very slightly contaminated
A: sickness immunity, AC +5, negative energy resistance 1, electricity
resistance, torment resistance 1, petrification resistance
a: Renounce Religion, Evoke Invisibility


You were on level 7 of the Dungeon.
You worshipped Vehumet.
Vehumet was noncommittal.
You visited 2 branches of the dungeon, and saw 8 of its levels.

You collected 289 gold pieces.

Inventory:

Hand Weapons
 t - a +1 whip of freezing
 G - a +2 spear of venom (weapon)
Armour
 a - a +0 robe (worn)
 q - a +0 pair of boots (worn)
 B - a +0 helmet (worn)
 D - a scarf of invisibility (worn)
Jewellery
 h - a ring of resist corrosion
 m - a +6 ring of intelligence (right hand)
 v - a +6 ring of intelligence (left hand)
 E - a +6 ring of dexterity
 F - an amulet of the acrobat (around neck)
 J - a +6 ring of strength
Wands
 A - a wand of mindburst (9)
Scrolls
 c - a scroll of teleportation {unknown}
 d - 3 scrolls of blinking {unknown}
 k - a scroll of amnesia {unknown}
 p - a scroll of enchant weapon {unknown}
 r - a scroll of immolation {unknown}
 s - a scroll of silence {unknown}
 u - a scroll of fog {unknown}
 w - a scroll of poison {unknown}
 y - 4 scrolls of identify
 H - a scroll of vulnerability {unknown}
 I - a scroll of torment {unknown}
Potions
 b - a potion of magic
 e - 5 potions of attraction
 f - 3 potions of haste
 g - a potion of resistance
 i - 3 potions of curing {unknown}
 j - a potion of mutation {unknown}
 l - a potion of berserk rage {unknown}
 n - 3 potions of degeneration {unknown}
 o - 3 potions of might {unknown}
 x - a potion of heal wounds {unknown}
 z - 2 potions of enlightenment {unknown}
 C - a potion of brilliance {unknown}


   Skills:
 + Level 3.2 Fighting
 - Level 1.5 Dodging
 - Level 2.1 Stealth
 - Level 5.0 Spellcasting
 + Level 6.5 Conjurations
 + Level 6.7 Fire Magic


You had 10 spell levels left.
You knew the following spells:

 Your Spells              Type           Power      Damage    Failure   Level
a - Foxfire               Conj/Fire      100%       2x1d9     1%          1
b - Scorch                Fire           94%        2d8       1%          2
c - Flame Wave            Conj/Fire      47%        2d12      3%          4

Your spell library contained the following spells:

 Spells                   Type           Power      Damage    Failure   Level
 Inner Flame              Hex/Fire       27%        N/A       4%          3
 Volatile Blastmotes      Fire/Tloc      54%        2d14      4%          3
 Fulminant Prism          Conj/Alch      13%        3d8       16%         4
 Iskenderun's Mystic Bla  Conj/Tloc      27%        2d7       16%         4


Dungeon Overview and Level Annotations

Branches:
Dungeon (7/15)             Temple (1/1) D:5

Altars:
Ashenzari
Cheibriados
Dithmenos
Elyvilon
Fedhas
Gozag
Hepliaklqana
Kikubaaqudgha
Makhleb
Nemelex Xobeh
Okawaru
Qazlal
Ru
Sif Muna
Trog
Uskayaw
Vehumet
Wu Jian
Xom
Yredelemnul
Zin
The Shining One

Shops:
D:6 *:*

Annotations:
D:5 3 runed translucent doors, fly's ghost, weakling KoDe; paps's ghost, amateur TrBe
D:7 1 runed translucent door, Crazy Yiuf; Maggie


Innate Abilities, Weirdness & Mutations

You are immune to sickness and miasma.
Your stone body is resilient. (AC +5)
You are immune to poison.
You resist negative energy. (rN+)
You are resistant to electric shocks. (rElec)
You are resistant to unholy torment.
You are immune to petrification.


Message History

Your foxfire dissipates!
Your foxfire dissipates!
Maggie the Vainglorious comes into view.
She is wielding a +0 long sword of distortion.
Casting: Foxfire (safe; 1% risk of failure)
Confirm with . or Enter, or press ? or * to list all spells.
Flames lash Maggie.
Maggie shouts!
Maggie is lightly wounded.
Maggie's fire resistance burns away.
Maggie gestures at you while chanting. The bolt of fire hits you!
Casting: Scorch (safe; 1% risk of failure)
Confirm with . or Enter, or press ? or * to list all spells.
Flames lash Maggie.
Maggie is burned terribly!
Maggie is moderately wounded.
Casting: Scorch (safe; 1% risk of failure)
Confirm with . or Enter, or press ? or * to list all spells.
Casting: Flame Wave (dangerous; 3% risk of failure)
Press: ? - help, Dir - look around, f - activate You miscast Flame Wave.
You are very lightly contaminated with residual magic.
Nothing appears to happen.
Maggie hits you with a +0 long sword of distortion.
Space warps around you.
Casting: Flame Wave (dangerous; 3% risk of failure)
Confirm with . or Enter, or press ? or * to list all spells.
Casting: Flame Wave (dangerous; 3% risk of failure)
Press: ? - help, Dir - look around, f - activate A wave of flame ripples out!
The flame wave engulfs Maggie.
Maggie is burned terribly!
Maggie is moderately wounded. (Press . to intensify the flame waves.) Maggie smiles, but it's obviously fake.
Maggie barely misses you.
A wave of flame ripples out!
The flame wave engulfs Maggie!!
Maggie is burned terribly!
Maggie is severely wounded.
Maggie hits you with a +0 long sword of distortion!
Space warps horribly around you!!
You die...

## #### ## .# #.. .# .#
#.# ####@######
.#####.### #..@.......
†........# ##.##.######
.#####.#.####...#.#####
.####.........#.....)..
................#.#####
.###.........#†##.# .#
#..............# ##
#.........#.#### .#
#.........#.#


You could see Maggie (combustible).

Vanquished Creatures
  A water moccasin (D:6)
  A sky beast (D:7)
  3 ogres
  2 black bears
  A centaur (D:6)
  A phantom (D:6)
  3 scorpions
  A jelly (D:4)
  An orc priest (D:3)
  A hound (D:5)
  6 iguanas
  Robin (D:4)
  4 gnolls (D:4)
  4 adders
  2 white imps
  2 ufetubi (D:6)
  3 dart slugs
  10 orcs
  3 bats
  8 endoplasms
  3 giant cockroaches
  18 goblins
  7 hobgoblins
  10 jackals
  7 quokkas
  7 ball pythons
  4 frilled lizards
  5 kobolds
  4 rats
123 creatures vanquished.

Vanquished Creatures (others)
  520 foxfires
520 creatures vanquished.

Grand Total: 643 creatures vanquished

Notes
Turn   | Place    | Note
-------+----------+-------------------------------------------
     0 | D:1      | Essalna the Gargoyle Fire Elementalist began the quest for
                  | the Orb.
     0 | D:1      | Reached XP level 1. HP: 10/10 MP: 3/3
   166 | D:1      | Reached XP level 2. HP: 8/15 MP: 0/5
   602 | D:1      | Reached XP level 3. HP: 19/19 MP: 2/6
   605 | D:1      | Learned a level 2 spell: Scorch
  1945 | D:2      | Reached XP level 4. HP: 21/24 MP: 3/8
  2525 | D:2      | Learned a level 4 spell: Flame Wave
  2886 | D:3      | Reached XP level 5. HP: 28/28 MP: 5/9
  3163 | D:3      | Found a faded altar of an unknown god.
  3481 | D:4      | Found an opulent altar of Gozag.
  3900 | D:4      | Noticed Robin
  3902 | D:4      | Reached XP level 6. HP: 29/32 MP: 8/11
  4017 | D:4      | Killed Robin
  4190 | D:4      | Found a shimmering altar of Xom.
  4193 | D:4      | Found a snail-covered altar of Cheibriados.
  4193 | D:4      | Found a blossoming altar of Fedhas.
  4450 | D:5      | Entered Level 5 of the Dungeon
  4486 | D:5      | Found a runed translucent gate.
  4487 | D:5      | Found a runed translucent gate.
  4487 | D:5      | Found a runed translucent gate.
  4533 | D:5      | Found a staircase to the Ecumenical Temple.
  4548 | D:5      | Noticed a black bear
  4551 | Temple   | Entered the Ecumenical Temple
  4567 | Temple   | Became a worshipper of Vehumet
  4589 | D:5      | Killed a black bear
  4696 | D:5      | Reached skill level 5 in Fire Magic
  4696 | D:5      | Reached XP level 7. HP: 36/36 MP: 6/13
  4727 | D:4      | Found a sacrificial altar of Ru.
  4727 | D:4      | Found an iron altar of Okawaru.
  4813 | D:5      | Noticed paps's ghost (amateur TrBe)
  4814 | D:5      | Noticed fly's ghost (weakling KoDe)
  5132 | D:5      | Found a sparkling altar of Nemelex Xobeh.
  5357 | D:6      | Found Ymahyif's Book Shoppe.
  5404 | D:6      | Found Mereas's Assorted Antiques.
  5408 | D:6      | Found Xesiong's Assorted Antiques.
  5421 | D:6      | Reached skill level 5 in Conjurations
  5606 | D:6      | Reached skill level 5 in Spellcasting
  5606 | D:6      | Reached XP level 8. HP: 35/41 MP: 8/15
  5750 | D:6      | Reached skill level 1 in Fighting
  6732 | D:7      | Found a runed translucent door.
  6733 | D:7      | Noticed Crazy Yiuf
  6874 | D:7      | Found a burning altar of Makhleb.
  6874 | D:7      | Noticed a balrug
  7137 | D:7      | Noticed Maggie
  7142 | D:7      | Slain by Maggie

Illustrated notes

Levels and vault maps discovered:
D:1:      lemuel_arrival_lava_pool, layout_loops_ring, minmay_close_crescents
D:2:      layout_basic, kennysheep_generic_room_12
D:3:      layout_basic, hellmonk_ecumenical_altar_heavens_door
D:4:      layout_cave_pools, nicolae_gozag_seed_capital,
          nicolae_overflow_hidden_temple, uniq_robin
D:5:      layout_cave_pools, nemelex_spade_bored_becter, temple_fountains,
          gammafunk_ghost_cemetery, lemuel_flame_loot_1
D:6:      layout_gridville, corexii_item_surrounded_by_moat,
          nrook_mini_backslash, nicolae_shop_distant_corner_stores
D:7:      layout_loops_ring, makhleb_altar_promises_db, serial_aquarium,
          aquarium_bridge_square [aquarium_subvault_bridge,
          aquarium_subvault_bridge, aquarium_subvault_wall,
          aquarium_subvault_balcony], aquarium_bridge_square
          [aquarium_subvault_balcony, aquarium_subvault_window,
          aquarium_subvault_window, aquarium_subvault_bridge],
          aquarium_window_1, aquarium_window_fake, aquarium_view_2e,
          aquarium_view_2f, uniq_jeremiah, uniq_duvessa, uniq_maggie,
          uniq_crazy_yiuf_cottage
Temple:   eino_temple_water

Skill      XL: |  1  2  3  4  5  6  7  8 |
---------------+-------------------------+-----
Conjurations   | 2 3 4 5 6 |  6.5
Spellcasting   | 3 4 5 |  5.0
Fire Magic     | 4 5 6 |  6.7
Fighting       | 3 |  3.2
Dodging        | |  1.5
Stealth        | |  2.1

Action                     |  1- 3 |  4- 6 |  7- 9 || total
---------------------------+-------+-------+-------++-------
  Melee: Unarmed           |    64 |     3 |       ||    67
         Whip              |       |     6 |       ||     6
         Spear             |       |       |     2 ||     2
   Cast: Foxfire           |    88 |   105 |   115 ||   308
         Scorch            |     2 |     5 |    10 ||    17
         Flame Wave        |       |     2 |     1 ||     3
    Use: Scroll            |       |     3 |       ||     3
 Armour: Robe              |    50 |    21 |    11 ||    82
  Dodge: Dodged            |    65 |    12 |     8 ||    85

Table legend: (Time is in decaauts)
 A = Elapsed time spent in this place.
 B = Non-inter-level travel time spent in this place.
 C = Inter-level travel time spent in this place.
 D = Time resting spent in this place.
 E = Time spent auto-exploring this place.
 F = Levels seen in this place.
 G = Mean time per level.
                   A        B        C        D        E       F      G
               +--------+--------+--------+--------+--------+-----+--------+
         Total |   7141 |   6964 |    177 |    209 |   5914 |   8 |  892.6 |
       Dungeon |   7108 |   6961 |    147 |    209 |   5914 |   7 | 1015.4 |
        Temple |     32 |      2 |     30 |      0 |      0 |   1 |   32.0 |
               +--------+--------+--------+--------+--------+-----+--------+

Top non-repeatable levels by time:
     D:1: 1396 daAuts
     D:6: 1293 daAuts
     D:2: 1146 daAuts
     D:4: 982 daAuts
     D:3: 982 daAuts
     D:5: 811 daAuts
     D:7: 494 daAuts
  Temple: 32 daAuts
